 Dungeon Crawl Stone Soup version 0.29-a0-542-g075992c915 (console) character file.

Game seed: 14108494216132295376

131 FIQ the Magician (level 5, 0/35 HPs)
             Began as a Djinni Conjurer on June 3, 2022.
             Was a Follower of the Shining One.
             Slain by a gnoll
             ... wielding a +0 club
              (9 damage)
             ... on level 3 of the Dungeon.
             The game lasted 00:03:12 (2464 turns).

FIQ the Magician (Djinni Conjurer)                  Turns: 2464, Time: 00:03:13

Health: 0/35       AC:  2    Str:  6    XL:     5   Next: 37%
Gold:   62         EV: 12    Int: 21    God:    the Shining One [*.....] SH:  0 Dex: 12

rFire   + + .      SeeInvis .   (no weapon)
rCold   x . .      Faith    .   (no shield)
rNeg    . . .      Spirit   .   a - +0 robe
rPois   ∞          Reflect  .   (no helmet)
rElec   .          Harm     .   (no cloak)
rCorr   +          Rampage  .   (no gloves)
Will    .....                   (boots unavailable)
Stlth   +.........              (no amulet)
HPRegen 0.11/turn               h - ring of resist corrosion
MPRegen 0.00/turn               (no ring)

@: flying, glowing
A: sickness immunity, fire resistance 2, cold vulnerability 1, float, innate
caster, HP casting, extra vitality 1
a: Renounce Religion, Divine Shield


You were on level 3 of the Dungeon.
You worshipped the Shining One.
The Shining One was aware of your devotion.
You visited 1 branch of the dungeon, and saw 3 of its levels.

You collected 132 gold pieces.
You spent 70 gold pieces at shops.

Inventory:

Armour
 a - a +0 robe (worn)
Jewellery
 h - a ring of resist corrosion (left hand)
Wands
 j - a wand of flame (21)
Scrolls
 c - a scroll of silence {unknown}
 d - a scroll of teleportation {unknown}
 f - a scroll of enchant weapon {unknown}
 g - a scroll of identify {unknown}
 l - a scroll of fear {unknown}
 o - a scroll of fog {unknown}
Potions
 b - 2 potions of curing {unknown}
 e - 2 potions of cancellation {unknown}
 i - a potion of magic {unknown}
 k - a potion of degeneration {unknown}
 m - a potion of heal wounds
 n - a potion of berserk rage {unknown}


   Skills:
 - Level 2.1 Dodging
 - Level 1.5 Stealth
 + Level 4.9 Spellcasting


You couldn't memorise any spells.
You knew the following spells:

 Your Spells              Type           Power      Damage    Failure   Level
a - Magic Dart            Conj           100%       1d8       1%          1
b - Searing Ray           Conj           52%        2d6       2%          2
c - Dazzling Flash        Conj/Hex       52%        N/A       4%          3
d - Fulminant Prism       Conj/Hex       13%        3d9       14%         4
e - Iskenderun's Mystic   Conj/Tloc      26%        2d7       14%         4
f - Shock                 Conj/Air       100%       1d9       1%          1
g - Call Imp              Summ           26%        N/A       2%          2
Your spell library was empty.

Dungeon Overview and Level Annotations

Branches:
Dungeon (3/15)

Altars:
Ru
The Shining One

Shops:
D:2 !


Innate Abilities, Weirdness & Mutations

You are immune to sickness and miasma.
You are immune to poison.
Your flesh is very heat resistant. (rF++)
You are vulnerable to cold. (rC-)
You float through the air rather than walking.
You learn spells naturally, not from books.
Your magical power is your life essence.
You have superior vitality. (+4 MHP)


Message History

The searing ray hits the gnoll.
The gnoll is severely wounded.
The gnoll throws a stone.
The stone hits you.
A gnoll is nearby!
A gnoll is nearby!
The searing ray hits the gnoll.
You kill the gnoll!
A gnoll comes into view. It is wielding a +0 club.
A gnoll is nearby!
A gnoll is nearby!
A gnoll is nearby!
The gnoll shouts!
The searing ray hits the gnoll but does no damage. (Press . to maintain the ray.)
A gnoll comes into view. It is wielding a +0 spear.
The gnoll drinks a potion.
The gnoll seems to speed up.
The searing ray hits the gnoll!
The gnoll is heavily wounded.
The gnoll shouts!
The gnoll hits you from afar with a +0 spear.
The searing ray hits the gnoll.
The gnoll is severely wounded.
The gnoll hits you from afar with a +0 spear.
The gnoll attacks as you move away! The gnoll hits you with a +0 club.
You see here a frilled lizard corpse.
The gnoll misses you.
You see here 2 murky black potions.
You are too injured to fight recklessly!
Casting: Searing Ray (safe; 2% risk of failure)
Confirm with . or Enter, or press ? or * to list all spells.
Aiming: Searing Ray (safe; 2% risk of failure)
Press: ? - help, Shift-Dir - straight line, p - gnoll The searing ray hits the gnoll but does no damage.
The gnoll is severely wounded.
The searing ray hits the gnoll.
The gnoll is heavily wounded. (Press . to maintain the ray.)
* * * LOW HITPOINT WARNING * * *
The gnoll hits you with a +0 club!
You die...

......... .. ..#
#.#...#.#####. ...
.....#.##.. ..#.#
###........# .#.#
.......# #.# ...#
####.### #.###.#)#
#.#####.....#g#
#.........###g#
###########.#.##@#
....# #.###...#
###.# ##.#.####
#.# ##.## #.# #.#
#.# #.# #.# #.#
#.# #.# #.# #.#
###.# #.# #.#
....# #.# #.#


You could see 2 gnolls.

Vanquished Creatures
  Jessica (D:2)
  A gnoll (D:3)
  5 adders
  A worm (D:2)
  An endoplasm (D:2)
  A giant cockroach (D:3)
  9 goblins
  4 hobgoblins
  2 jackals (D:3)
  6 kobolds
  A quokka (D:2)
  6 ball pythons
  5 bats
  4 frilled lizards
  3 rats
50 creatures vanquished.

Notes
Turn   | Place    | Note
-------+----------+-------------------------------------------
     0 | D:1      | FIQ the Djinni Conjurer began the quest for the Orb.
     0 | D:1      | Reached XP level 1. HP: 15/15 MP: 0/0
   218 | D:1      | Reached XP level 2. HP: 19/21 MP: 0/0
   487 | D:1      | Found a faded altar of an unknown god.
   666 | D:1      | Prayed at the altar of an unknown god.
   666 | D:1      | Became a worshipper of the Shining One
   666 | D:1      | Reached * piety under the Shining One
   723 | D:2      | Reached XP level 3. HP: 17/25 MP: 0/0
   723 | D:2      | Learned a level 1 spell: Shock
   830 | D:2      | Reached skill level 4 in Spellcasting
  1175 | D:2      | Reached XP level 4. HP: 28/31 MP: 0/0
  1613 | D:2      | Noticed Jessica
  1615 | D:2      | Killed Jessica
  1620 | D:2      | Reached XP level 5. HP: 27/35 MP: 0/0
  1620 | D:2      | Learned a level 2 spell: Call Imp
  1785 | D:2      | Found Inefejy's Distillery.
  1788 | D:2      | Bought a potion of heal wounds for 70 gold pieces
  2378 | D:3      | Found a sacrificial altar of Ru.
  2464 | D:3      | Slain by a gnoll

Illustrated notes

Levels and vault maps discovered:
D:1:      minmay_arrival_radiant_lines, layout_rooms,
          shapermc_ecumenical_altar_mp_highgroup, serial_bayou_pond_d,
          hangedman_abyss_or_decor_lesser_grid
D:2:      layout_rooms, serial_shops, nicolae_shop_behind_doors,
          minmay_tetromino_l2, uniq_jessica
D:3:      layout_loops_ring, mainiacjoe_overflow_alcove_1

Skill      XL: |  1  2  3 |
---------------+----------+-----
Spellcasting   | 4 |  4.9
Dodging        | |  2.1
Stealth        | |  1.5

Action                   |  1- 3 |  4- 6 || total
-------------------------+-------+-------++-------
 Cast: Magic Dart        |    19 |       ||    19
       Searing Ray       |    11 |    27 ||    38
Armor: Robe              |     1 |     1 ||     2
Dodge: Dodged            |     6 |     6 ||    12

Table legend: (Time is in decaauts)
 A = Elapsed time spent in this place.
 B = Non-inter-level travel time spent in this place.
 C = Inter-level travel time spent in this place.
 D = Time resting spent in this place.
 E = Time spent auto-exploring this place.
 F = Levels seen in this place.
 G = Mean time per level.
                   A        B        C        D        E       F      G
               +--------+--------+--------+--------+--------+-----+--------+
         Total |   2463 |   2402 |     61 |      0 |   2162 |   3 |  821.0 |
       Dungeon |   2463 |   2402 |     61 |      0 |   2162 |   3 |  821.0 |
               +--------+--------+--------+--------+--------+-----+--------+

Top non-repeatable levels by time:
     D:2: 1348 daAuts
     D:1: 697 daAuts
     D:3: 416 daAuts
